Map: Inferno Pools (Void)

Players

NeRvE - Winner!

  • Race: Zerg Zerg
  • League: Grandmaster

Javert

  • Race: Zerg Zerg
  • League: Grandmaster

VOD

Have the link to the VOD?

Description

Time

  • Played on: June 25, 2015, 11:55 p.m.
  • Length: 4:39
Show
View Real Time Build Order
Export as new Build Order

NeRvE Zerg - Winner!

Build Orders: Pool Only, Zergling Baneling 

Get SALT Encoding   

  12  0:15  Extractor  
  12  0:20  Spawning Pool  
  10  0:25  Drone  
  11  0:31  Drone  
  12  0:40  Drone  
  13  0:49  Overlord  
  13  1:07  Queen  
  15  1:17  Metabolic Boost  
  15  1:21  Zergling x2  
  15  1:25  Zergling x2  
  17  1:30  Zergling x2  
  18  1:34  Zergling x2  
  19  1:43  Zergling x2  
  20  1:54  Zergling x2  
  20  1:58  Baneling Nest  
  20  2:05  Overlord  
  20  2:16  Zergling x4  
  22  2:25  Zergling x4  
  22  2:29  Zergling x2  
  25  2:44  Baneling x2  
  25  2:46  Zergling x4  
  25  2:51  Zergling x2  
  27  2:57  Zergling x2  
  25  3:07  Zergling x4  
  25  3:10  Baneling  
  25  3:28  Zergling x2  
  25  3:29  Zergling x2  
  25  3:30  Zergling x2  
  24  3:41  Zergling x2  
  24  3:44  Baneling x2  
  24  3:45  Baneling  
  24  3:52  Zergling x2  
  25  4:01  Baneling x3  
  25  4:03  Zergling x2  
  25  4:12  Baneling  
  25  4:13  Baneling  
  25  4:21  Zergling x2  
Show
View Real Time Build Order
Export as new Build Order

Javert Zerg 

Build Orders: Hatch First 

Get SALT Encoding   

  12  0:01  Drone  
  13  0:14  Overlord  
  13  0:19  Drone  
  14  0:32  Drone x2  
  16  0:49  Hatchery  
  15  0:54  Drone  
  15  0:57  Extractor  
  15  1:01  Drone  
  15  1:02  Drone  
  17  1:13  Drone  
  18  1:23  Spawning Pool  
  18  1:25  Drone  
  18  1:32  Drone  
  19  1:41  Overlord  
  19  2:01  Drone  
  20  2:10  Metabolic Boost  
  20  2:11  Queen  
  20  2:13  Queen  
  20  2:14  Zergling x4  
  26  2:17  Zergling x2  
  26  2:20  Zergling x2  
  28  2:32  Zergling x4  
  30  2:38  Drone x2  
  30  2:43  Spine Crawler  
  29  2:56  Spine Crawler  
  25  3:10  Zergling x6  
  25  3:11  Zergling x6  
  27  3:34  Drone x7  
  30  3:47  Drone x2  
  32  4:03  Baneling Nest  
  32  4:04  Spine Crawler  
Tags
 
Add a new tag
Caveats
  • Supply blocks, unpowered buildings, or Contaminate may cause inaccurate times.
  • Supply counts are checked every 10 seconds.